PA
IDAHO FALLS CHUKARS @ MT. VERNON BULLS
06/14/2029
 
TOP OF THE 1ST
Idaho Falls Chukars batting - Pitching for Mt. Vernon Bulls : RHP Clyde Pell
Pitching: RHP Clyde Pell
Batting: LHB Juan Rosado 0-0: Ball
1-0: Called Strike
1-1: Ground out 6-3 (Groundball, 6M)
Batting: LHB Jared Morningstar 0-0: Called Strike
0-1: Called Strike
0-2: Ball
1-2: Ball
2-2: Ball
3-2: Base on Balls
Batting: RHB Ilkka Haapajarvi 0-0: Called Strike
0-1: Foul Ball, location: 2F
0-2: Ball
1-2: Strikes out swinging
Batting: LHB Víctor Puente 0-0: Called Strike
0-1: Ball
1-1: Fly out, F4 (Flyball, 34D)
Top of the 1st over - 0 runs, 0 hits, 0 errors, 1 left on base; Idaho Falls 0 - Mt. Vernon 0
BOTTOM OF THE 1ST
Mt. Vernon Bulls batting - Pitching for Idaho Falls Chukars : LHP Vicente Romero
Pitching: LHP Vicente Romero
Batting: SHB Toby Sutton 0-0: Ball
1-0: Ball
2-0: Fly out, F8 (Line Drive, 8LM)
Batting: RHB Robby Arnold 0-0: Called Strike
0-1: Ball
1-1: Swinging Strike
1-2: Foul Ball, location: 2F
1-2: Strikes out looking
Batting: RHB Ken Gardner 0-0: Ball
1-0: Called Strike
1-1: Foul Ball, location: 2F
1-2: Foul Ball, location: 2F
1-2: Ball
2-2: Ball
3-2: Foul Ball, location: 2F
3-2: Foul Ball, location: 2F
3-2: Ground out 4-3 (Groundball, 4)
Bottom of the 1st over - 0 runs, 0 hits, 0 errors, 0 left on base; Idaho Falls 0 - Mt. Vernon 0
TOP OF THE 2ND
Idaho Falls Chukars batting - Pitching for Mt. Vernon Bulls : RHP Clyde Pell
Batting: SHB Tony Manzanares 0-0: Ball
1-0: Called Strike
1-1: DOUBLE (Line Drive, 9LM) - OUT at third base trying to stretch hit.
Batting: RHB Fytor Ceia 0-0: Swinging Strike
0-1: Swinging Strike
0-2: Ball
1-2: Ball
2-2: Foul Ball, location: 2F
2-2: Strikes out looking
Batting: SHB Ernesto Carrión 0-0: Called Strike
0-1: SINGLE (Line Drive, 34D)
Batting: RHB Yoichibei Chikafuji 0-0: Ball
1-0: Called Strike
1-1: Ball
2-1: Ball
3-1: SINGLE (Groundball, 4MD)
Ernesto Carrión to second
Runner from 2nd tries for 3rd, SAFE, no throw
Batting: RHB Luo-lang Li 0-0: Ball
1-0: Ball
2-0: Fly out, F8 (Flyball, 8RM)
Top of the 2nd over - 0 runs, 3 hits, 0 errors, 2 left on base; Idaho Falls 0 - Mt. Vernon 0
BOTTOM OF THE 2ND
Mt. Vernon Bulls batting - Pitching for Idaho Falls Chukars : LHP Vicente Romero
Batting: RHB Chet Mathis 0-0: SINGLE (Line Drive, 6MD)
Batting: LHB Bartolo Sierra 0-0: Ball
1-0: Foul Ball, location: 2F
1-1: Foul Ball, location: 2F
1-2: Fly out, F7 (Flyball, 7LM)
Batting: RHB Jesse Francis 0-0: Ball
1-0: Called Strike
1-1: Ball
2-1: Ball
3-1: Base on Balls
Chet Mathis to second
Batting: RHB Orlando Montejo 0-0: Called Strike
0-1: Fly out, F3 (Line Drive, 3)
Batting: RHB Ryan Robbins 0-0: Swinging Strike
0-1: Ball
1-1: Ball
2-1: Foul Ball, location: 2F
2-2: Ball
3-2: Fly out, F7 (Flyball, 7S)
Bottom of the 2nd over - 0 runs, 1 hit, 0 errors, 2 left on base; Idaho Falls 0 - Mt. Vernon 0
TOP OF THE 3RD
Idaho Falls Chukars batting - Pitching for Mt. Vernon Bulls : RHP Clyde Pell
Batting: LHB Juan Rosado 0-0: Ball
1-0: Swinging Strike
1-1: Ball
2-1: Fly out, F7 (Flyball, 7S)
Batting: LHB Jared Morningstar 0-0: Ball
1-0: Called Strike
1-1: Ball
2-1: Ball
3-1: Called Strike
3-2: Strikes out looking
Batting: RHB Ilkka Haapajarvi 0-0: Ball
1-0: Fly out, F8 (Flyball, 8RS)
Top of the 3rd over - 0 runs, 0 hits, 0 errors, 0 left on base; Idaho Falls 0 - Mt. Vernon 0
BOTTOM OF THE 3RD
Mt. Vernon Bulls batting - Pitching for Idaho Falls Chukars : LHP Vicente Romero
Batting: RHB Renato Lavado 0-0: Called Strike
0-1: Ball
1-1: Ground out U3 (Groundball, 3S)
Batting: SHB Toby Sutton 0-0: Ball
1-0: Called Strike
1-1: Foul Ball, location: 2F
1-2: Ball
2-2: Ball
3-2: SINGLE (Line Drive, 8RS)
Batting: RHB Robby Arnold 0-0: Foul Ball, location: 2F
0-1: Foul Ball, location: 2F
0-2: Ball
1-2: Ball
Toby Sutton steals 2nd base
2-2: Foul Ball, location: 2F
2-2: DOUBLE (Line Drive, 9LM)
Toby Sutton scores
Batting: RHB Ken Gardner 0-0: SINGLE (Groundball, 56D)
Robby Arnold to third
Batting: RHB Chet Mathis 0-0: Ball
Wild Pitch!
Robby Arnold scores
Ken Gardner to second
1-0: Ball
2-0: Called Strike
2-1: Foul Ball, location: 2F
2-2: Ball
3-2: Ground out 6-3 (Groundball, 56)
Batting: LHB Bartolo Sierra 0-0: Called Strike
0-1: Swinging Strike
0-2: Strikes out swinging
Bottom of the 3rd over - 2 runs, 3 hits, 0 errors, 1 left on base; Idaho Falls 0 - Mt. Vernon 2
TOP OF THE 4TH
Idaho Falls Chukars batting - Pitching for Mt. Vernon Bulls : RHP Clyde Pell
Batting: LHB Víctor Puente 0-0: Called Strike
0-1: Ball
1-1: Ball
2-1: Foul Ball, location: 2F
2-2: Ball
3-2: Strikes out swinging
Batting: SHB Tony Manzanares 0-0: Ball
1-0: Called Strike
1-1: Foul Ball, location: 2F
1-2: Foul Ball, location: 2F
1-2: Strikes out swinging
Batting: RHB Fytor Ceia 0-0: Foul Ball, location: 2F
0-1: Ball
1-1: Ball
2-1: Foul Ball, location: 2F
2-2: Foul Ball, location: 2F
2-2: Hit by Pitch
Batting: SHB Ernesto Carrión 0-0: Foul Ball, location: 2F
0-1: Swinging Strike
0-2: Ball
1-2: Ball
2-2: SINGLE (Line Drive, 6MD)
Fytor Ceia to second
Batting: RHB Yoichibei Chikafuji 0-0: Swinging Strike
0-1: Ball
1-1: Ground out 3-1 (Groundball, 34)
Top of the 4th over - 0 runs, 1 hit, 0 errors, 2 left on base; Idaho Falls 0 - Mt. Vernon 2
BOTTOM OF THE 4TH
Mt. Vernon Bulls batting - Pitching for Idaho Falls Chukars : LHP Vicente Romero
Batting: RHB Jesse Francis 0-0: Called Strike
0-1: Swinging Strike
0-2: Strikes out swinging
Batting: RHB Orlando Montejo 0-0: Called Strike
0-1: Ball
1-1: Ball
2-1: Foul Ball, location: 2F
2-2: Strikes out swinging
Batting: RHB Ryan Robbins 0-0: Ball
1-0: Called Strike
1-1: Foul Ball, location: 2F
1-2: Strikes out looking
Bottom of the 4th over - 0 runs, 0 hits, 0 errors, 0 left on base; Idaho Falls 0 - Mt. Vernon 2
TOP OF THE 5TH
Idaho Falls Chukars batting - Pitching for Mt. Vernon Bulls : RHP Clyde Pell
Batting: RHB Luo-lang Li 0-0: Ball
1-0: Called Strike
1-1: Fly out, F2 (Popup, 3SF)
Batting: LHB Juan Rosado 0-0: Ground out 6-3 (Groundball, 6)
Batting: LHB Jared Morningstar 0-0: DOUBLE (Line Drive, 7LS)
Batting: RHB Ilkka Haapajarvi 0-0: Called Strike
0-1: Foul Ball, location: 2F
0-2: Ball
1-2: Ball
2-2: Ball
3-2: Strikes out swinging
Top of the 5th over - 0 runs, 1 hit, 0 errors, 1 left on base; Idaho Falls 0 - Mt. Vernon 2
BOTTOM OF THE 5TH
Mt. Vernon Bulls batting - Pitching for Idaho Falls Chukars : LHP Vicente Romero
Batting: RHB Renato Lavado 0-0: Ball
1-0: SINGLE (Line Drive, 89S)
Batting: SHB Toby Sutton 0-0: Ball
Renato Lavado is caught stealing 2nd base
1-0: Ball
2-0: Foul Ball, location: 2F
2-1: Foul Ball, location: 2F
2-2: Foul Ball, location: 2F
2-2: DOUBLE (Flyball, 89D)
Batting: RHB Robby Arnold 0-0: Ball
Toby Sutton steals 3rd base
1-0: Called Strike
1-1: Foul Ball, location: 2F
1-2: Ball
2-2: Fly out, F4 (Popup, 4S)
Batting: RHB Ken Gardner 0-0: Foul Ball, location: 2F
0-1: Ground out U3 (Groundball, 3)
Bottom of the 5th over - 0 runs, 2 hits, 0 errors, 1 left on base; Idaho Falls 0 - Mt. Vernon 2
TOP OF THE 6TH
Idaho Falls Chukars batting - Pitching for Mt. Vernon Bulls : RHP Clyde Pell
Batting: LHB Víctor Puente 0-0: Foul Ball, location: 2F
0-1: SINGLE (Line Drive, 4M)
Batting: SHB Tony Manzanares 0-0: SINGLE (Line Drive, 9S)
Víctor Puente to second
Batting: RHB Fytor Ceia 0-0: Called Strike
0-1: Swinging Strike
0-2: Hit by Pitch
Víctor Puente to third
Tony Manzanares to second
Batting: SHB Ernesto Carrión 0-0: Foul Ball, location: 2F
0-1: Ball
1-1: Ball
2-1: Foul Ball, location: 2F
2-2: Foul Ball, location: 2F
2-2: Ball
3-2: Fly out, F6 (Popup, 56)
Batting: RHB Yoichibei Chikafuji 0-0: Called Strike
0-1: Foul Ball, location: 2F
0-2: Strikes out swinging
Batting: RHB Luo-lang Li 0-0: Swinging Strike
0-1: Ball
1-1: Ground out 4-3 (Groundball, 4S)
Top of the 6th over - 0 runs, 2 hits, 0 errors, 3 left on base; Idaho Falls 0 - Mt. Vernon 2
BOTTOM OF THE 6TH
Mt. Vernon Bulls batting - Pitching for Idaho Falls Chukars : LHP Vicente Romero
Batting: RHB Chet Mathis 0-0: Foul Ball, location: 2F
0-1: Called Strike
0-2: Ball
1-2: SOLO HOME RUN (Line Drive, 7LD), Distance : 372 ft
Pitching: RHP Raúl Sánchez
Batting: LHB Bartolo Sierra 0-0: Ground out 4-3 (Groundball, 4M)
Batting: RHB Jesse Francis 0-0: Called Strike
0-1: Foul Ball, location: 2F
0-2: Ball
1-2: Ball
2-2: Strikes out swinging
Batting: RHB Orlando Montejo 0-0: Ball
1-0: Called Strike
1-1: Foul Ball, location: 2F
1-2: Strikes out looking
Bottom of the 6th over - 1 run, 1 hit, 0 errors, 0 left on base; Idaho Falls 0 - Mt. Vernon 3
TOP OF THE 7TH
Idaho Falls Chukars batting - Pitching for Mt. Vernon Bulls : RHP Clyde Pell
Batting: LHB Juan Rosado 0-0: Called Strike
0-1: Swinging Strike
0-2: Ball
1-2: Fly out, F9 (Flyball, 9LD)
Batting: LHB Jared Morningstar 0-0: Ball
1-0: SINGLE (Line Drive, 4MD)
Pitching: RHP Israel Zorita
Batting: RHB Ilkka Haapajarvi 0-0: Ball
1-0: Fly out, F7 (Flyball, 7S)
Batting: LHB Víctor Puente 0-0: Called Strike
0-1: Foul Ball, location: 2F
0-2: Ball
Passed Ball!
Jared Morningstar to second
1-2: Strikes out looking
Top of the 7th over - 0 runs, 1 hit, 0 errors, 1 left on base; Idaho Falls 0 - Mt. Vernon 3
BOTTOM OF THE 7TH
Mt. Vernon Bulls batting - Pitching for Idaho Falls Chukars : RHP Raúl Sánchez
Batting: RHB Ryan Robbins 0-0: Ball
1-0: Called Strike
1-1: Swinging Strike
1-2: Ball
2-2: Strikes out looking
Batting: RHB Renato Lavado 0-0: Called Strike
0-1: Fly out, F5 (Line Drive, 5S)
Batting: SHB Toby Sutton 0-0: Called Strike
0-1: Ball
1-1: Ball
2-1: Ball
3-1: Called Strike
3-2: Fly out, F4 (Line Drive, 4)
Bottom of the 7th over - 0 runs, 0 hits, 0 errors, 0 left on base; Idaho Falls 0 - Mt. Vernon 3
TOP OF THE 8TH
Idaho Falls Chukars batting - Pitching for Mt. Vernon Bulls : RHP Israel Zorita
Batting: SHB Tony Manzanares 0-0: Foul Ball, location: 2F
0-1: Swinging Strike
0-2: Ball
1-2: Ball
2-2: SINGLE (Flyball, 6D)
Batting: RHB Fytor Ceia 0-0: Grounds into double play, 5-4-3 (Groundball, 56)
Batting: SHB Ernesto Carrión 0-0: Called Strike
0-1: Foul Ball, location: 2F
0-2: Ball
1-2: Strikes out looking
Top of the 8th over - 0 runs, 1 hit, 0 errors, 0 left on base; Idaho Falls 0 - Mt. Vernon 3
BOTTOM OF THE 8TH
Mt. Vernon Bulls batting - Pitching for Idaho Falls Chukars : RHP Raúl Sánchez
Batting: RHB Robby Arnold 0-0: Called Strike
0-1: Ball
1-1: Ground out 5-3 (Groundball, 56)
Batting: RHB Ken Gardner 0-0: Called Strike
0-1: Foul Ball, location: 2F
0-2: Ball
1-2: Ball
2-2: Fly out, F4 (Flyball, 34D)
Batting: RHB Chet Mathis 0-0: Ball
1-0: Called Strike
1-1: Ground out 6-3 (Groundball, 6)
Bottom of the 8th over - 0 runs, 0 hits, 0 errors, 0 left on base; Idaho Falls 0 - Mt. Vernon 3
TOP OF THE 9TH
Idaho Falls Chukars batting - Pitching for Mt. Vernon Bulls : RHP Israel Zorita
Pitching: RHP Jeffery Prosser
Batting: RHB Yoichibei Chikafuji 0-0: Ball
1-0: Foul Ball, location: 2F
1-1: DOUBLE (Line Drive, 9LS)
Batting: RHB Luo-lang Li 0-0: Ball
1-0: Foul Ball, location: 2F
1-1: Foul Ball, location: 2F
1-2: Foul Ball, location: 2F
1-2: SINGLE (Groundball, 6MD)
Yoichibei Chikafuji to third
Batting: LHB Juan Rosado 0-0: Ball
1-0: Ball
2-0: Ball
3-0: Called Strike
3-1: Foul Ball, location: 2F
Balk!
Yoichibei Chikafuji scores
Luo-lang Li to second
3-2: Foul Ball, location: 2F
3-2: SINGLE (Groundball, 4MD)
Luo-lang Li to third
Batting: LHB Jared Morningstar 0-0: Called Strike
0-1: Ball
1-1: Ball
2-1: SINGLE (Groundball, 56) (infield hit)
Luo-lang Li scores
Juan Rosado to second
Batting: RHB Ilkka Haapajarvi 0-0: Ball
1-0: Foul Ball, location: 2F
1-1: Ball
2-1: Ball
3-1: Base on Balls
Juan Rosado to third
Jared Morningstar to second
Batting: LHB Víctor Puente 0-0: Called Strike
0-1: Ball
1-1: Ball
2-1: Swinging Strike
2-2: Strikes out swinging
Batting: SHB Tony Manzanares 0-0: SINGLE (Groundball, 34D)
Juan Rosado scores
Jared Morningstar to third
Ilkka Haapajarvi to second
Runner from 3rd tries for Home, SAFE, no throw
Pitching: RHP Jorge Arboledo
Batting: RHB Fytor Ceia 0-0: Ball
Tony Manzanares is caught stealing 2nd base
1-0: Ball
2-0: Ground out U3 (Groundball, 34S)
Top of the 9th over - 4 runs, 5 hits, 0 errors, 1 left on base; Idaho Falls 4 - Mt. Vernon 3
BOTTOM OF THE 9TH
Mt. Vernon Bulls batting - Pitching for Idaho Falls Chukars : RHP Raúl Sánchez
Pitching: RHP Ramón Granados
Batting: LHB Bartolo Sierra 0-0: Called Strike
0-1: Foul Ball, location: 2F
0-2: Foul Ball, location: 2F
0-2: Strikes out looking
Batting: RHB Jesse Francis 0-0: Ball
1-0: SINGLE (Line Drive, 78M)
Batting: RHB Orlando Montejo 0-0: Foul Ball, location: 2F
0-1: Ball
1-1: Fly out, F6 (Popup, 6)
Pinch Hitting: LHB Pablo Morales 0-0: Ball
1-0: Called Strike
1-1: Fly out, F7 (Flyball, 7LSF)
Bottom of the 9th over - 0 runs, 1 hit, 0 errors, 1 left on base; Idaho Falls 4 - Mt. Vernon 3
Tuesday, December 19th, 2017 - OOTP Baseball 18.8 Build 76